 Dungeon Crawl Stone Soup version 0.17-a0-1324-ga541562 (webtiles) character file.

101 emikaela the Skirmisher (level 4, 0/51 HPs)
             Began as an Octopode Wanderer on June 9, 2015.
             Was an Initiate of Nemelex Xobeh.
             Succumbed to an orc wizard's poison
             ... on level 3 of the Dungeon.
             The game lasted 00:07:09 (1701 turns).

emikaela the Skirmisher (Octopode Wanderer)         Turns: 1701, Time: 00:07:10

Health: 0/51       AC: 26    Str: 17    XL:     4   Next: 75%
Magic:  2/4        EV:  2    Int: 14    God:    Nemelex Xobeh [......]
Gold:   105        SH:  0    Dex: 16    Spells: 0 memorised, 3 levels left

rFire  . . .     SeeInvis .     t - +1 hunting sling (flame)
rCold  . . .     Clarity  .     (no shield)
rNeg   + + +     SustAt   .     (helmet currently unavailable)
rPois  +         Gourm    .     l - amulet of guardian spirit
rElec  .         Spirit   +     k - +4 ring of protection
rCorr  .         Warding  .     (no ring)
rMut   .         NoTele   +     (no ring)
MR     .....                    (no ring)
Stlth  ++++......               (no ring)
                                (no ring)
                                (no ring)
                                (no ring)

@: mighty, agile, lethally poisoned (0 -> -3), tree-form, very slightly
contaminated, hasted, very quick, not resistant to hostile enchantments,
stealthy
A: almost no armour, amphibious, 8 rings, (constrict 8), (camouflage 0),
(gelatinous body 0)
a: Renounce Religion


You were on level 3 of the Dungeon.
You worshipped Nemelex Xobeh.
Nemelex Xobeh was noncommittal.
You were not hungry.
You were a tree.
You visited 1 branch of the dungeon, and saw 3 of its levels.

You collected 105 gold pieces.

Inventory:

Hand weapons
 a - a +0 spear
 c - a +0 dagger
 h - a +0 dagger of draining
 t - a +1 hunting sling of flaming (weapon)
Missiles
 g - 89 stones (quivered)
 n - 13 arrows of frost
 r - 22 arrows
 s - 19 sling bullets
 x - 19 poisoned needles
Jewellery
 k - a +4 ring of protection (left branch)
 l - an amulet of guardian spirit (around neck)
Scrolls
 f - 3 scrolls of identify {unknown}
 i - a scroll of fear {unknown}
 p - a scroll of magic mapping {unknown}
 w - a scroll of noise {unknown}
 y - a scroll of random uselessness {unknown}
Potions
 j - a potion of might
Miscellaneous
 o - a plain deck of destruction
Comestibles
 d - a bread ration
 u - a beef jerky
 v - 2 fruits


   Skills:
 + Level 4.8 Fighting
   Level 3.0 Staves
 - Level 2.0 Dodging
 - Level 2.6 Stealth
 - Level 1.1 Evocations


You had 3 spell levels left.
You didn't know any spells.

Dungeon Overview and Level Annotations

Branches:
Dungeon (3/15)

Altars:
Nemelex Xobeh


Innate Abilities, Weirdness & Mutations

You cannot wear most types of armour.
You are amphibious.
You can wear up to eight rings at the same time.
((You can use your tentacles to constrict eight enemies at once.))
((Your skin changes colour to match your surroundings (Stealth).))
((Your rubbery body absorbs attacks (AC +1).))


Message History

You shoot a stone. The stone hits the orc wizard.
The stone burns the orc wizard.
You kill the orc wizard!
* * * LOW HITPOINT WARNING * * *
You feel sick.
You cannot move.
You cannot move.
Drink which item? (? for menu, Esc to quit)
Okay, then.
Read which item? (? for menu, Esc to quit)
Okay, then.
There is a lethal amount of poison in your body!
There is a lethal amount of poison in your body!
There is a lethal amount of poison in your body!
* * * LOW HITPOINT WARNING * * *
You feel sick.
* * * LOW HITPOINT WARNING * * *
You feel sick.
You die...
Your body disappears without a glow.

########
##.########......#
(..(..((()♣...##†###
((()#######.#.##...#
( #.#......#
#.####...#
#.####..##
#......####
#####.....# #<.##.#
#..# #


There were no monsters in sight!

Vanquished Creatures
  An orc wizard (D:3)
  An adder (D:2)
  A worm (D:2)
  An orc (D:3)
  6 bats
  A giant cockroach (D:1)
  2 hobgoblins
  3 jackals (D:2)
  2 quokkas (D:2)
  A ball python (D:1)
  A giant gecko (D:1)
  6 giant newts
  7 goblins
  4 kobolds
  7 rats
44 creatures vanquished.

Vanquished Creatures (others)
  2 orc wizards (D:3)
  An orc (D:3)
3 creatures vanquished.

Grand Total: 47 creatures vanquished

Notes
Turn   | Place    | Note
--------------------------------------------------------------
     0 | D:1      | emikaela the Octopode Wanderer began the quest for the Orb.
     0 | D:1      | emikaela set off with: a +0 spear, a potion of lignification, a +0 dagger, a bread ration
     0 | D:1      | Reached XP level 1. HP: 14/14 MP: 1/1
   130 | D:1      | Reached XP level 2. HP: 20/20 MP: 2/2
   313 | D:1      | Found a sparkling altar of Nemelex Xobeh.
   318 | D:1      | Became a worshipper of Nemelex Xobeh the Trickster
   608 | D:1      | Received a gift from Nemelex Xobeh
  1046 | D:2      | Reached XP level 3. HP: 26/26 MP: 3/3
  1481 | D:2      | Reached skill level 4 in Fighting
  1669 | D:3      | Reached XP level 4. HP: 25/34 MP: 2/4
  1692 | D:3      | HP: 2/51 [poisoned by an orc wizard]
  1698 | D:3      | HP: 1/51 [poisoned by an orc wizard]
  1701 | D:3      | Succumbed to an orc wizard's poison

Vault maps used:
D:1:      sevenhm_arrival_forest_fort_small_6, nemelex_diamond_rough_becter
D:2:      wad_crossroads
D:3:      nicolae_gozag_cash_rules_everything_around_me, portal_sewer_entry_e,
          minmay_ogre_servants

Action                   |  1- 3 |  4- 6 || total
-------------------------+-------+-------++-------
Melee: Spear             |    42 |       ||    42
 Fire: Hunting sling     |    60 |    14 ||    74
  Use: Potion            |       |     4 ||     4
 Stab: Sleeping          |     8 |       ||     8
  Eat: Chunk             |     2 |       ||     2
